 Dungeon Crawl Stone Soup version 0.30-a0-760-g5a9884bb7c (webtiles) character file.

Game seed: 12515393930171698287

9744 avis the Skirmisher (level 11, -1/89 HPs)
             Began as a Demigod Hunter on Feb 11, 2023.
             Hit by a silver javelin thrown by a minotaur (6 damage)
             ... on level 1 of the Lair of Beasts.
             The game lasted 01:03:03 (10022 turns).

avis the Skirmisher (Demigod Hunter)               Turns: 10022, Time: 01:03:03

Health: -1/89      AC:  8    Str: 12    XL:     11   Next: 6%
Magic:  17/17      EV: 21    Int: 11    God:
Gold:   657        SH:  0    Dex: 29    Spells: 11/14 levels left

rFire   . . .      SeeInvis .    b - +5 falchion (freeze)
rCold   . . .      Faith    .    (no shield)
rNeg    . . .      Spirit   .    u - +0 acid dragon scales
rPois   .          Reflect  .    q - +0 helmet
rElec   .          Harm     .    (no cloak)
rCorr   +          Rampage  .    A - +0 pair of gloves
Will    +....                    (no boots)
Stlth   +++                      D - amulet of regeneration
HPRegen 1.14/turn                (no ring)
MPRegen 0.15/turn                (no ring)

@: invisible
A: high MP 1, forlorn, divine attributes
a: no special abilities


You were on level 1 of the Lair of Beasts.
You visited 3 branches of the dungeon, and saw 12 of its levels.
You also visited: Sewer.

You collected 657 gold pieces.

Inventory:

Hand Weapons
 a - a +0 shortbow
 b - a +5 falchion of freezing (weapon)
 p - a +1 morningstar of flaming
 w - a +2 spectral quarterstaff
 y - a +4 dire flail of freezing
 z - a +5 spear
 B - a +6 dire flail
 C - a +3 scimitar
 H - a +1 heavy hand axe
Missiles
 j - 5 curare-tipped darts (quivered)
 m - 5 atropa-tipped darts
 R - 2 boomerangs
Armour
 q - a +0 helmet (worn)
 u - +0 acid dragon scales (worn)
 x - the +0 leather armour of Wiethine {-Tele rElec rF+++ Str+3}
   (You found it on level 8 of the Dungeon)

   Str:       It affects your strength (+3).
   rF:        It renders you almost immune to fire.
   rElec:     It insulates you from electricity.
   -Tele:     It prevents most forms of teleportation.
 A - a +0 pair of gloves (worn)
 L - +0 steam dragon scales
Jewellery
 c - a ring of poison resistance
 D - an amulet of regeneration (around neck)
Wands
 i - a wand of flame (36)
 r - a wand of charming (35)
 N - a wand of polymorph (4)
Scrolls
 d - 5 scrolls of fog {unknown}
 e - 2 scrolls of immolation
 h - 2 scrolls of vulnerability {unknown}
 k - 6 scrolls of blinking {unknown}
 l - a scroll of fear {unknown}
 n - 2 scrolls of enchant weapon {unknown}
 o - 2 scrolls of amnesia {unknown}
 G - a scroll of magic mapping {unknown}
 M - 4 scrolls of poison {unknown}
 O - 2 scrolls of enchant armour {unknown}
 P - a scroll of acquirement {unknown}
 Q - a scroll of teleportation {unknown}
 S - a scroll of identify
Potions
 f - 8 potions of flight
 g - 2 potions of brilliance
 s - 7 potions of curing
 v - a potion of ambrosia {unknown}
 F - 7 potions of mutation
 I - a potion of berserk rage {unknown}
 J - a potion of might {unknown}
 K - 2 potions of attraction {unknown}


   Skills:
 - Level 6.0 Fighting
 * Level 5.6 Long Blades
 - Level 10.0 Ranged Weapons
 - Level 10.0 Dodging
 - Level 2.0 Stealth
 - Level 2.0 Spellcasting
 - Level 1.0 Hexes
 - Level 3.0 Transmutations


You had 11 spell levels left.
You knew the following spells:

 Your Spells              Type           Power      Damage    Failure   Level
a - Slow                  Hex            12%        N/A       28%         1
e - Wereblood             Tmut           7%         N/A       19%         2

Your spell library contained the following spells:

 Spells                   Type           Power      Damage    Failure   Level
 Beastly Appendage        Tmut           14%        N/A       13%         1
 Magic Dart               Conj           4%         1d3       41%         1
 Ensorcelled Hibernation  Hex/Ice        4%         N/A       47%         2
 Call Imp                 Summ           1%         N/A       54%         2
 Spider Form              Tmut/Pois      4%         N/A       56%         3
 Confusing Touch          Hex            3%         N/A       65%         3
 Hailstorm                Conj/Ice       1%         3d3       78%         3
 Mephitic Cloud           Conj/Pois/Air  1%         N/A       78%         3
 Vampiric Draining        Necr           1%         2d6       78%         3
 Ice Form                 Ice/Tmut       4%         N/A       93%         4
 Anguish                  Hex/Necr       1%         N/A       98%         4
 Simulacrum               Ice/Necr       0%         N/A       100%        6


Dungeon Overview and Level Annotations

Branches:
Dungeon (9/15)             Temple (1/1) D:6            Lair (2/5) D:9
  Sewer (visited)
  Swamp: Lair:2-3    Shoals: Lair:2-3     Snake: Lair:2-3    Spider: Lair:2-3
    Orc: D:9-12

Shops:
D:2 =   D:4 :

Annotations:
D:2 1 runed translucent door, exclusion: door, Crazy Yiuf
Lair:1 jlumianski's ghost, journeyman DsFi


Innate Abilities, Weirdness & Mutations

You have an increased reservoir of magic. (+10% MP)
You shall have no god before yourself.
Your divine heritage dramatically boosts your attributes as you level up.


Message History

The minotaur is moderately wounded.
The minotaur misses you. The minotaur gores you!
You hit the minotaur. You freeze the minotaur.
The minotaur is heavily wounded.
The minotaur closely misses you. x2
You hit the minotaur but do no damage.
The minotaur is heavily wounded.
The minotaur completely misses you. The minotaur closely misses you.
You slash the minotaur! You freeze the minotaur.
The minotaur is severely wounded.
The minotaur closely misses you. The minotaur misses you.
You slash the minotaur! You freeze the minotaur.
The minotaur is almost dead.
The minotaur barely misses you. The minotaur misses you.
You hit the minotaur but do no damage.
The minotaur is almost dead.
The minotaur hits you.
The minotaur gores you but does no damage.
You barely miss the minotaur.
The minotaur is almost dead.
The minotaur closely misses you. The minotaur gores you!
* * * LOW HITPOINT WARNING * * *
You hit the minotaur but do no damage.
The minotaur is almost dead.
The minotaur barely misses you. The minotaur completely misses you.
You strike the helpless minotaur from behind!
You hit the minotaur but do no damage.
The minotaur is almost dead.
You catch the helpless black mamba completely off-guard!
You hit the black mamba.
The black mamba seems to slow down.
You freeze the black mamba.
The black mamba is moderately wounded.
Your +5 falchion of freezing stops glowing.
a - a +0 shortbow (weapon)
Your +5 falchion of freezing glows with a cold blue light!
b - a +5 falchion of freezing (weapon)
The minotaur throws a silver javelin.
The silver javelin pierces through you!!
* * * LOW HITPOINT WARNING * * *
You die...

......................#.#.P#.##
......................#....#.#
............##.####........#.##
#########....#........+....+..#
#.# #...#......#...#..#....#.P#
#W.##.#.#....+.#...#..#....#.##
##!k..#.'.####.#...#.........#
#k!.#...'......#...#..#....#.#
##k.#...'......#@.....##P.##.#
#k.####.#.......##'#.........#
#.# #..#.k....H.............#
#########....................#
.............#..###....####P.#
......P......#### #....#.....#
.P....P......# #........#.#
.##.##......[# #....#...#.##
.............# #....#...P.P#


You could see a minotaur (unable to see you) and a rime drake (wandering, unable
to see you).

Vanquished Creatures
  A two-headed ogre (D:8)
  2 oklob plants (Lair:1)
  A black mamba (Lair:2)
  A cane toad (Lair:1)
  Maggie (D:7)
  A rime drake (D:9)
  A komodo dragon (Lair:1)
  A burning bush (Lair:1)
  A hornet (D:7)
  A wyvern (D:8)
  A wraith (D:9)
  4 vampire mosquitoes (D:9)
  2 steam dragons (D:6)
  Menkaure (D:6)
  Edmund (D:4)
  An acid dragon (D:6)
  6 water moccasins
  A sky beast (D:3)
  5 ice beasts
  2 orc warriors
  4 black bears
  2 ogres
  5 wolves
  2 centaurs
  A phantom (D:6)
  A kobold brigand (D:7)
  2 bullfrogs
  2 necrophages
  6 scorpions
  A gnoll sergeant (D:5)
  8 wights
  9 killer bees
  A howler monkey (D:6)
  A jelly (D:5)
  6 hounds
  5 orc priests
  5 iguanas
  6 orc wizards
  Robin (D:2)
  15 adders
  3 river rats
  2 white imps
  An ufetubus (D:4)
  3 worms
  5 dart slugs
  28 orcs
  9 endoplasms
  3 giant cockroaches
  12 goblins
  13 hobgoblins
  A jackal (D:5)
  8 quokkas
  8 ball pythons
  8 bats
  5 frilled lizards (Sewer)
  7 kobolds
  15 rats
249 creatures vanquished.

Vanquished Creatures (others)
  A plant (Lair:2)
1 creature vanquished.

Grand Total: 250 creatures vanquished

Notes
Turn   | Place    | Note
-------+----------+-------------------------------------------
     0 | D:1      | avis the Demigod Hunter began the quest for the Orb.
     0 | D:1      | Reached XP level 1. HP: 17/17 MP: 3/3
   234 | D:1      | Reached XP level 2. HP: 24/24 MP: 4/4
   303 | D:1      | Reached skill level 1 in Stealth
   662 | D:2      | Reached XP level 3. HP: 30/30 MP: 5/5
   870 | D:2      | Found a runed translucent door.
   871 | D:2      | Noticed Crazy Yiuf
   912 | D:2      | Found Aphoexis's Jewellery Shop.
  1246 | D:2      | Noticed Robin
  1295 | D:2      | Killed Robin
  1752 | D:3      | Reached XP level 4. HP: 38/38 MP: 6/6
  1937 | D:3      | Noticed a sky beast
  1945 | D:3      | Killed a sky beast
  1946 | D:3      | Reached skill level 5 in Ranged Weapons
  1946 | D:3      | Reached XP level 5. HP: 19/45 MP: 7/7
  2623 | D:4      | Noticed Edmund
  2631 | D:4      | Killed Edmund
  2632 | D:4      | Reached XP level 6. HP: 44/51 MP: 8/8
  2858 | D:4      | Reached skill level 5 in Dodging
  2858 | D:4      | Reached XP level 7. HP: 57/57 MP: 9/9
  3170 | D:4      | Found Kolucoel's Book Emporium.
  3795 | D:5      | Entered Level 5 of the Dungeon
  4078 | D:5      | Reached XP level 8. HP: 64/66 MP: 10/10
  4380 | D:5      | Found a large runed translucent door.
  4390 | D:5      | Found a large runed translucent door.
  4576 | D:5      | Learned a level 2 spell: Wereblood
  4900 | D:6      | Found a staircase to the Ecumenical Temple.
  4934 | D:6      | Noticed Menkaure
  4938 | D:6      | Killed Menkaure
  5069 | D:6      | Reached XP level 9. HP: 71/71 MP: 10/13
  5127 | D:6      | Reached skill level 1 in Spellcasting
  5177 | D:6      | Found a glowing drain.
  5181 | Sewer    | Entered a sewer
  5277 | Sewer    | Reached skill level 1 in Transmutations
  5627 | D:6      | Reached skill level 5 in Fighting
  5990 | Temple   | Entered the Ecumenical Temple
  6474 | D:7      | Learned a level 1 spell: Slow
  6982 | D:7      | Noticed Maggie
  6992 | D:7      | Killed Maggie
  7344 | D:7      | Reached skill level 10 in Ranged Weapons
  7569 | D:8      | Reached XP level 10. HP: 81/81 MP: 14/14
  7582 | D:8      | Identified the +0 leather armour of Wiethine {-Tele rElec
                  | rF+++ Str+3}
  7801 | D:8      | Noticed a two-headed ogre
  7816 | D:8      | Killed a two-headed ogre
  8159 | D:9      | Reached skill level 10 in Dodging
  8215 | D:9      | Reached skill level 1 in Hexes
  8500 | D:9      | Reached skill level 1 in Long Blades
  8751 | D:9      | Found a staircase to the Lair.
  9014 | Lair:1   | Entered Level 1 of the Lair of Beasts
  9156 | Lair:1   | Found a runed translucent gate.
  9156 | Lair:1   | Found a runed translucent gate.
  9158 | Lair:1   | Found a runed translucent gate.
  9158 | Lair:1   | Noticed a black mamba
  9316 | Lair:1   | You fall into a shaft and drop 1 floor!
  9316 | Lair:2   | Noticed a black mamba
  9340 | Lair:2   | Killed a black mamba
  9470 | Lair:1   | Noticed a minotaur
  9470 | Lair:1   | Noticed jlumianski's ghost (journeyman DsFi)
  9606 | Lair:1   | Noticed an oklob plant
  9606 | Lair:1   | Noticed an oklob plant
  9623 | Lair:1   | Killed an oklob plant
  9624 | Lair:1   | Reached skill level 5 in Long Blades
  9624 | Lair:1   | Reached XP level 11. HP: 69/89 MP: 17/17
 10022 | Lair:1   | Hit by a silver javelin thrown by a minotaur

Illustrated notes

Levels and vault maps discovered:
D:1:      dpeg_arrival_shelter, layout_rooms
D:2:      layout_basic, serial_shops, shop, uniq_robin, uniq_crazy_yiuf_cottage
D:3:      layout_loops_ring
D:4:      minmay_chambers_of_threes, layout_gridville, serial_shops,
          kennysheep_mini, uniq_edmund
D:5:      layout_rooms, jmf_multi_god_temple2, nrook_pool_corridor,
          minmay_fountain_box, minmay_statues_item
D:6:      layout_loops_cross, minmay_temple_entry_proselytizer,
          gup_sewer_entry_spiral, uniq_menkaure
D:7:      layout_basic, grunt_decor_cap, uniq_maggie
D:8:      layout_rooms
D:9:      layout_basic, hellmonk_lair_entry_icy, chequers_jeans,
          columned_hall_lemuel
Temple:   nicolae_temple_bog_church
Lair:1:   layout_chaotic_city, maelrawn_ghost_gauntlet_escape,
          hangedman_tree_tricks, chequers_serial_rivers_room_a, evilmike_ambush
          [evilmike_ambush_outer_corners, evilmike_ambush_inner_wall_1]
Lair:2:   layout_regular_city, serial_rivers, chequers_serial_rivers_small_3,
          chequers_serial_rivers_large_b, chequers_serial_rivers_small_b,
          chequers_serial_rivers_room_a, chequers_serial_rivers_room_b,
          minmay_lindwurm_lava, infiniplex_staircase_pool

Skill      XL: |  1  2  3  4  5  6  7  8  9 10 |
---------------+-------------------------------+-----
Fighting       | 2 3 4 5 6 |  6.0
Ranged Weapons | 4 5 6 8 10 | 10.0
Dodging        | 2 3 5 6 8 10 | 10.0
Stealth        | 1 2 |  2.0
Spellcasting   | 1 2 |  2.0
Transmutations | 2 3 |  3.0
Hexes          | 1 |  1.0
Long Blades    | 5 |  5.6

Action                     |  1- 3 |  4- 6 |  7- 9 | 10-12 || total
---------------------------+-------+-------+-------+-------++-------
  Melee: Quarterstaff      |       |     7 |     2 |       ||     9
         Falchion          |       |       |       |    47 ||    47
   Fire: Shortbow          |   132 |    70 |   506 |   286 ||   994
  Throw: Dart              |       |     6 |     7 |       ||    13
   Cast: Slow              |       |       |     1 |       ||     1
         Wereblood         |       |       |     1 |       ||     1
    Use: Scroll            |       |     3 |     2 |     2 ||     7
         Potion            |       |       |       |     8 ||     8
   Stab: Invisible         |       |       |       |     7 ||     7
 Armour: Leather armour    |    18 |     8 |    34 |       ||    60
         Steam dragon scal |       |       |    49 |       ||    49
         Acid dragon scale |       |       |    17 |    54 ||    71
  Dodge: Dodged            |    39 |    13 |   368 |   324 ||   744

Table legend: (Time is in decaauts)
 A = Elapsed time spent in this place.
 B = Non-inter-level travel time spent in this place.
 C = Inter-level travel time spent in this place.
 D = Time resting spent in this place.
 E = Time spent auto-exploring this place.
 F = Levels seen in this place.
 G = Mean time per level.
                   A        B        C        D        E       F      G
               +--------+--------+--------+--------+--------+-----+--------+
         Total |  10280 |   9585 |    695 |   1644 |   4958 |  13 |  790.8 |
       Dungeon |   8838 |   8143 |    695 |   1505 |   4192 |   9 |  982.0 |
        Temple |     14 |     14 |      0 |      0 |      0 |   1 |   14.0 |
          Lair |   1008 |   1008 |      0 |    118 |    585 |   2 |  504.0 |
         Sewer |    419 |    419 |      0 |     21 |    180 |   1 |  419.0 |
               +--------+--------+--------+--------+--------+-----+--------+

Top non-repeatable levels by time:
     D:4: 1285 daAuts
     D:7: 1267 daAuts
     D:6: 1072 daAuts
     D:2: 1036 daAuts
     D:3: 962 daAuts
  Lair:1: 934 daAuts
     D:9: 927 daAuts
     D:5: 879 daAuts
     D:1: 709 daAuts
     D:8: 697 daAuts
   Sewer: 419 daAuts
  Lair:2: 73 daAuts
  Temple: 14 daAuts
